 Dungeon Crawl Stone Soup version 0.26-a0-362-g1d9a9cd4fa (webtiles) character file.

Game seed: 14197219205600178384

184146 Ge0ff the Brawler (level 17, -22/145 HPs)
             Began as a Palentonga Monk on July 18, 2020.
             Was the Champion of Okawaru.
             Blown up by an eye of devastation (27 damage)
             ... with a bolt of energy
             ... on level 4 of the Pits of Slime.
             The game lasted 01:36:59 (37516 turns).

Ge0ff the Brawler (Palentonga Monk)                Turns: 37516, Time: 01:37:00

Health: -22/145    AC: 36    Str: 20    XL:     17   Next: 76%
Magic:  22/22      EV: 16    Int: 21    God:    Okawaru [******]
Gold:   3488       SH: 15    Dex: 30    Spells: 11/20 levels left

rFire    + . .     SeeInvis +     - Unarmed
rCold    + + .     Faith    .   v - +0 kite shield {reflect}
rNeg     + . .     Spirit   .   h - +2 plate armour {rN+}
rPois    .         Reflect  +   F - +5 helmet "Kaaghasy" {Dex+4 SInv}
rElec    +         Harm     .   g - +1 cloak {rCorr}
rCorr    +                      Q - +1 pair of gloves "Juisiog" {*Drain rElec rF+ Int+8}
MR       +....                  a - +1 barding {rC+}
Stlth    +.........             r - amulet of Zyisitis {RegenMP Dex+6}
HPRegen  0.34/turn              D - +4 ring of evasion
MPRegen  0.43/turn              c - ring "Loscheacu" {*Drain +Inv rC+ Dex+6 Stlth+, =R}

@: heroism, finesse, very slightly contaminated
A: large, rugged brown scales 3, see invisible, clever 1, deformed body, low mp
1, roll, armoured tail
a: Rolling Charge, Heroism, Finesse, Renounce Religion, Evoke Invisibility


You were on level 4 of the Pits of Slime.
You worshipped Okawaru.
Okawaru was exalted by your worship.
You visited 6 branches of the dungeon, and saw 32 of its levels.
You also visited: Bailey and Gauntlet.

You collected 3832 gold pieces.
You spent 344 gold pieces at shops.

Inventory:

Missiles
 b - 681 arrows {don't use}
 G - 107 bolts {don't use}
 S - 265 sling bullets {don't use}
Armour
 a - a +1 barding of cold resistance (worn)
 g - a +1 cloak of preservation (worn)
 h - a +2 plate armour of positive energy (worn)
 v - a +0 kite shield of reflection (worn)
 F - the +5 helmet "Kaaghasy" (worn) {Dex+4 SInv}
   (You found it on level 4 of the Dungeon)

   It affects your dexterity (+4).
   It lets you see invisible.
 Q - the +1 pair of gloves "Juisiog" (worn) {*Drain rElec rF+ Int+8}
   (You found it in a bailey)

   It affects your intelligence (+8).
   It protects you from fire.
   It insulates you from electricity.
   It causes draining when unequipped.
 Y - a scarf of resistance
Jewellery
 c - the ring "Loscheacu" (right hand) {*Drain +Inv rC+ Dex+6 Stlth+, =R}
   (You took it off a minotaur in a Gauntlet)

   [ring of dexterity]

   It affects your dexterity (+6).
   It protects you from cold.
   It lets you turn invisible.
   It causes draining when unequipped.
   It makes you more stealthy.
 r - the amulet of Zyisitis (around neck) {RegenMP Dex+6}
   (You found it in a Gauntlet)

   [amulet of magic regeneration]

   It increases your magic regeneration.
   It affects your dexterity (+6).
 D - a +4 ring of evasion (left hand)
 J - an uncursed ring of poison resistance
Wands
 d - a wand of digging (6)
 e - a wand of enslavement (25)
 f - a wand of flame (74)
 j - a wand of acid (12)
 p - a wand of paralysis (3)
 s - a wand of disintegration (24)
 x - a wand of random effects (13)
 P - a wand of polymorph (11)
Scrolls
 i - 2 scrolls of identify
 k - a scroll of enchant armour
 m - 4 scrolls of magic mapping
 u - a scroll of holy word
 B - 3 scrolls of blinking
 C - 7 scrolls of remove curse
 E - 6 scrolls of fear
 T - 14 scrolls of teleportation
 V - a scroll of vulnerability
Potions
 o - 9 potions of ambrosia
 q - 7 potions of curing
 w - 3 potions of mutation
 z - 3 potions of brilliance
 A - 4 potions of stabbing
 H - 3 potions of haste {!q}
 I - 2 potions of invisibility
 K - 2 potions of magic {!q}
 L - 7 potions of lignification
 M - 3 potions of might
 N - a potion of cancellation {!q}
 R - 3 potions of resistance
 W - 5 potions of heal wounds {!q}
 X - 4 potions of flight
 Z - 3 potions of berserk rage {!q}
Miscellaneous
 l - a lightning rod (4/4)
 n - a phial of floods
 t - a tin of tremorstones (inert)
 O - a box of beasts
 U - a phantom mirror


   Skills:
 + Level 13.1(18.1) Fighting
 + Level 10.2(15.2) Armour
 + Level 7.3(12.3) Dodging
 - Level 1.2(6.2) Stealth
 - Level 9.0(14.0) Shields
 * Level 18.2(23.2) Unarmed Combat
 + Level 2.3 Spellcasting
 + Level 2.2 Conjurations
 + Level 2.4 Translocations
 + Level 2.3 Transmutations
 + Level 2.1 Earth Magic
 - Level 10.0 Invocations
 + Level 11.0 Evocations


You had 11 spell levels left.
You knew the following spells:

 Your Spells              Type           Power        Failure   Level
c - Blink                 Tloc           N/A          65%         2
e - Irradiate             Conj/Tmut      ##........   100%        5
w - Passwall              Tmut/Erth      ##......     67%         2

Your spell library contained the following spells:

 Spells                   Type           Power        Failure   Level
 Beastly Appendage        Tmut           ##....       52%         1
 Magic Dart               Conj           ##..         54%         1
 Wereblood                Tmut           ##......     65%         2
 Sting                    Tmut/Pois      #...         67%         1
 Foxfire                  Conj/Fire      #...         69%         1
 Corona                   Hex            #......      85%         1
 Stone Arrow              Conj/Erth      ##....       88%         3
 Call Imp                 Summ           #.......     94%         2
 Corpse Rot               Necr/Air       N/A          94%         2
 Ensorcelled Hibernation  Hex/Ice        #.....       94%         2
 Slow                     Hex            #.......     94%         2
 Swiftness                Air            #.......     94%         2
 Conjure Flame            Conj/Fire      #.......     96%         3
 Dazzling Flash           Conj/Hex       #.....       96%         3
 Spider Form              Tmut/Pois      #.........   96%         3
 Mephitic Cloud           Conj/Pois/Air  #.......     98%         3
 Confusing Touch          Hex            #.......     99%         3
 Tukima's Dance           Hex            #.......     99%         3
 Passage of Golubria      Tloc           N/A          99%         4
 Cause Fear               Hex            #.........   100%        4
 Sticky Flame             Conj/Fire      #.......     100%        4
 Summon Ice Beast         Ice/Summ       #.......     100%        4
 Bolt of Magma            Conj/Fire/Erth #.........   100%        5
 Borgnjor's Vile Clutch   Necr/Erth      #.........   100%        5
 Lee's Rapid Deconstruct  Erth           ##........   100%        5
 Silence                  Hex/Air        #.........   100%        5
 Summon Forest            Summ/Tloc      #.........   100%        5
 Conjure Ball Lightning   Conj/Air       #.........   100%        6
 Dispersal                Tloc           ##........   100%        6
 Eringya's Noxious Bog    Tmut/Pois      #.........   100%        6
 Hydra Form               Tmut           ##........   100%        6
 Invisibility             Hex            #.......     100%        6
 Ozocubu's Refrigeration  Ice            #.........   100%        6
 Shadow Creatures         Summ           N/A          100%        6
 Statue Form              Tmut/Erth      ##.......    100%        6
 Dragon Form              Tmut           ##........   100%        7
 Malign Gateway           Summ/Tloc      #.........   100%        7
 Summon Hydra             Summ           #.........   100%        7
 Dragon's Call            Summ           #.........   100%        9


Dungeon Overview and Level Annotations

Branches:
Dungeon (15/15)            Temple (1/1) D:7            Lair (6/6) D:9
 Shoals (0/4) Lair:4        Snake (0/4) Lair:2        Slime (5/5) Lair:6
    Orc (2/2) D:11            Elf (3/3) Orc:2        Vaults (0/5) D:14
 Depths (0/5) D:15         Bailey (visited)         Gauntlet (visited)

Altars:
Ashenzari
Cheibriados
Dithmenos
Elyvilon
Fedhas
Gozag
Hepliaklqana
Kikubaaqudgha
Makhleb
Nemelex Xobeh
Okawaru
Qazlal
Ru
Sif Muna
Trog
Uskayaw
Vehumet
Wu Jian
Xom
Yredelemnul
Zin
The Shining One
Beogh
Jiyva

Shops:
D:5 ?   D:12 [![   D:13 :   D:14 *   Orc:2 [*}   Elf:2 [

Annotations:
Lair:1 stash
Slime:5 Royal Jelly
Elf:2 3 runed translucent doors


Innate Abilities, Weirdness & Mutations

You are completely covered in rugged brown scales. (AC +3, +7% HP)
You have supernaturally acute eyesight. (SInv)
Armour fits poorly on your strangely shaped body.
You can roll at foes to attack.
You have a long armoured tail.
Your mind is acute. (Int +2)
Your magical capacity is low. (-10% MP)


Message History

Two slime creatures merge to form a large slime creature.
The floating eye gazes piercingly through you!
You shrug off the repeated paralysis!
An eye of devastation comes into view.
The acid blob hits you.
* * * LOW HITPOINT WARNING * * *
You are splashed with acid.
You resist.
* * * LOW HITPOINT WARNING * * *
You can move again.
Blink to where?
Press: ? - help, Dir - move target cursor You are very lightly contaminated with residual magic.
As you read the scroll of blinking, it crumbles to dust.
A slime creature comes into view.
You are splashed with acid.
You resist.
* * * LOW HITPOINT WARNING * * *
The slime creature quivers.
The eye of devastation gazes at you. The bolt of energy hits you!!
You die...

#....... #
#.....##.#....#
....#.......#G....
.......G<.........##
#.......JJ#JJ......##
#.......J..J....#...#
##........J.........#
##................##
##....##....@.....#
#...####....#...##
##.# #...#.. ...#
##J#.... ...# #..
..... .## #. .....##
# # ....## ....##


You could see 2 acid blobs, a very large slime creature, 4 large slime
creatures, a slime creature, an eye of devastation and a floating eye.

Vanquished Creatures
  2 deep elf blademasters (Elf:3)
  2 deep elf master archers (Elf:3)
  7 acid blobs
  Roxanne (Elf:1)
  Kirke (D:15)
  5 azure jellies
  A fire giant (D:15)
  The ghost of Enneesu the Warrior, a journeyman HOGl of Yredelemnul (Lair:6)
  A balrug (Gauntlet)
  3 deep elf sorcerers (Elf:3)
  An orc warlord (Orc:2)
  3 deep elf elementalists (Elf:3)
  Nessos (D:15)
  A stone giant (Orc:2)
  4 deep elf demonologists (Elf:3)
  8 deep elf annihilators
  2 minotaurs
  5 dire elephants (Lair:6)
  5 deep elf death magi (Elf:3)
  The ghost of Jokoicem the Grappler, a journeyman VSWn of Ashenzari (Lair:5)
  2 deep elf high priests (Elf:3)
  A death ooze (Slime:4)
  2 hydras
  An anaconda (Lair:6)
  2 catoblepae
  Erica (Lair:1)
  A centaur warrior (D:13)
  A queen ant (Gauntlet)
  3 tengu warriors
  4 two-headed ogres
  The ghost of brujo666 the Covert, a novice GnDe of Okawaru (D:10)
  An ogre mage (D:15)
  Urug (Lair:2)
  14 dancing weapons
  6 orc high priests
  5 deep elf knights
  3 skeletal warriors (D:15)
  An unseen horror (D:13)
  A wizard (D:14)
  3 orc knights (Orc:2)
  6 deep elf archers
  2 glowing orange brains
  A phantasmal warrior (D:14)
  3 orc sorcerers (Orc:2)
  A shining eye (shapeshifter) (Gauntlet)
  A shining eye (Slime:3)
  5 manticores
  4 oklob plants
  39 deep elf magi
  2 cyclopes
  13 ugly things
  4 elephants (Lair:6)
  A water nymph (shapeshifter) (D:14)
  A black mamba (Lair:6)
  A molten gargoyle (Gauntlet)
  A guardian serpent (shapeshifter) (Gauntlet)
  10 cane toads
  4 centaur skeletons
  3 gargoyles
  7 komodo dragons
  A kobold demonologist (D:11)
  An efreet (D:13)
  A queen bee (Lair:3)
  3 meliai (D:14)
  2 tengu conjurers
  6 trolls
  A hornet (Lair:4)
  10 polar bears
  A hornet (shapeshifter) (D:14)
  63 slime creatures
  A dream sheep (shapeshifter) (Gauntlet)
  12 hippogriffs
  A snapping turtle (Lair:4)
  14 blink frogs
  10 dream sheep
  A meliai zombie (D:11)
  Sigmund (D:4)
  23 yaks
  2 air elementals
  2 wraiths
  2 shadows
  4 wyverns
  5 hogs (D:15)
  A water elemental (Elf:1)
  5 basilisks
  4 fire elementals
  A golden eye (shapeshifter) (Gauntlet)
  3 neqoxecs (D:10)
  8 wargs
  5 nagas (Lair:2)
  9 water moccasins
  4 soldier ants (Gauntlet)
  4 porcupines
  A hell hound (Gauntlet)
  3 sky beasts
  33 orc warriors
  13 ice beasts
  2 phantoms
  20 black bears
  3 necrophages
  3 eyes of draining
  18 ogres
  4 boggarts (Lair:5)
  4 centaurs
  12 wolves
  19 crocodiles
  3 big kobolds
  2 wyvern zombies
  2 earth elementals
  14 bullfrogs
  9 scorpions
  A wyvern skeleton (D:7)
  29 killer bees
  7 wights
  8 electric eels
  5 howler monkeys
  A bullfrog zombie (D:13)
  4 quasits (D:10)
  3 centaur zombies
  5 bullfrog skeletons
  4 jellies
  Crazy Yiuf (D:2)
  11 hounds
  30 orc priests
  Jessica (D:2)
  Natasha (thrice) (D:3)
  3 iguanas
  23 orc wizards
  4 hell rats (Lair:6)
  11 worker ants
  A hound zombie (D:8)
  A howler monkey zombie (D:8)
  12 gnolls
  16 adders
  A river rat (shapeshifter) (D:14)
  2 shadow imps
  2 white imps
  An ufetubus (D:10)
  An ooze (D:2)
  An adder skeleton (D:9)
  An adder zombie (D:5)
  2 worms
  2 dart slugs (D:1)
  7 leopard geckos
  95 orcs
  2 bats
  4 giant cockroaches
  13 goblins
  6 hobgoblins
  12 jackals
  30 kobolds
  A quokka (D:5)
  2 ball pythons (D:5)
  8 frilled lizards
  A jackal skeleton (D:7)
  5 rats
  A bush (Lair:2)
  5 plants
983 creatures vanquished.

Vanquished Creatures (collateral kills)
  A fire dragon (D:15)
1 creature vanquished.

Vanquished Creatures (others)
  A deep elf knight (Elf:1)
  A deep elf mage (Elf:2)
  A tengu conjurer (Gauntlet)
  A human (D:15)
  11 fungi
  5 plants
20 creatures vanquished.

Grand Total: 1004 creatures vanquished

Notes
Turn   | Place    | Note
-------+----------+-------------------------------------------
     0 | D:1      | Ge0ff the Palentonga Monk began the quest for the Orb.
     0 | D:1      | Reached XP level 1. HP: 19/19 MP: 1/1
   138 | D:1      | Reached XP level 2. HP: 25/25 MP: 2/2
   367 | D:1      | Reached skill level 4 in Unarmed Combat
   629 | D:1      | Reached XP level 3. HP: 31/31 MP: 3/3
  1000 | D:2      | Noticed Jessica
  1131 | D:2      | Killed Jessica
  1131 | D:2      | Reached XP level 4. HP: 37/37 MP: 4/4
  1174 | D:2      | Reached skill level 1 in Armour
  1418 | D:2      | Reached skill level 5 in Unarmed Combat
  1884 | D:2      | Found a runed translucent door.
  1885 | D:2      | Noticed Crazy Yiuf
  1925 | D:3      | Noticed an ice beast
  2247 | D:2      | Reached XP level 5. HP: 26/43 MP: 5/5
  2935 | D:3      | Noticed Natasha
  3427 | D:3      | Killed Natasha
  3498 | D:3      | Noticed Natasha
  3513 | D:3      | Killed Natasha
  3743 | D:3      | Found a snail-covered altar of Cheibriados.
  3743 | D:3      | Found a glowing golden altar of the Shining One.
  4142 | D:3      | Noticed Natasha
  4146 | D:3      | Killed Natasha
  4261 | D:4      | Reached XP level 6. HP: 40/50 MP: 6/6
  4459 | D:4      | Reached skill level 6 in Unarmed Combat
  4692 | D:4      | Got a translucent helmet
  4698 | D:4      | Identified the +5 helmet "Kaaghasy" {Dex+4 SInv} (You found
                  | it on level 4 of the Dungeon)
  4860 | D:4      | Reached skill level 1 in Shields
  4932 | D:4      | Noticed Sigmund
  5030 | D:4      | Killed Sigmund
  5030 | D:4      | Reached XP level 7. HP: 52/57 MP: 7/7
  5154 | D:5      | Entered Level 5 of the Dungeon
  5315 | D:5      | Found Welisk's Magic Scroll Emporium.
  5323 | D:5      | Bought a scroll of magic mapping for 38 gold pieces
  5323 | D:5      | Bought a scroll of identify for 22 gold pieces
  5323 | D:5      | Bought a scroll of identify for 22 gold pieces
  5323 | D:5      | Bought a scroll of identify for 22 gold pieces
  5828 | D:5      | Reached skill level 7 in Unarmed Combat
  5837 | D:5      | Found a bloodstained altar of Trog.
  6323 | D:6      | Reached XP level 8. HP: 65/65 MP: 8/8
  6643 | D:6      | Found a bloodstained altar of Trog.
  6919 | D:7      | Found a staircase to the Ecumenical Temple.
  6935 | D:6      | Reached skill level 5 in Fighting
  7098 | D:6      | Reached skill level 8 in Unarmed Combat
  7310 | Temple   | Entered the Ecumenical Temple
  7897 | D:7      | Found an iron altar of Okawaru.
  7906 | D:7      | Became a worshipper of Warmaster Okawaru
  7906 | D:7      | Reached * piety under Okawaru
  7906 | D:7      | Reached ** piety under Okawaru
  8015 | D:6      | Reached skill level 9 in Unarmed Combat
  8015 | D:6      | Reached skill level 1 in Invocations
  8148 | D:2      | Killed Crazy Yiuf
  8312 | D:7      | Reached XP level 9. HP: 73/73 MP: 10/10
  8814 | D:8      | Found a flagged portal.
  8829 | D:8      | Reached skill level 1 in Evocations
  8857 | Bailey   | Entered a bailey
  9168 | Bailey   | Found a burning altar of Makhleb.
  9175 | Bailey   | Got a pair of distressingly furry gloves
  9186 | Bailey   | Identified the +1 pair of gloves "Juisiog" {*Drain rElec
                  | rF+ Int+8} (You found it in a bailey)
  9212 | D:8      | Reached skill level 10 in Unarmed Combat
  9685 | D:8      | You fall into a shaft and drop 3 floors!
  9693 | D:11     | Noticed a troll
  9704 | D:11     | Killed a troll
  9705 | D:11     | Reached *** piety under Okawaru
  9712 | D:11     | Noticed a kobold demonologist
  9714 | D:11     | Noticed an orange demon
  9719 | D:11     | Noticed an orange demon
  9719 | D:11     | Killed a kobold demonologist
  9719 | D:11     | Reached XP level 10. HP: 78/84 MP: 11/13
  9746 | D:10     | Entered Level 10 of the Dungeon
 10140 | D:9      | Found a staircase to the Lair.
 10909 | D:10     | Reached **** piety under Okawaru
 10909 | D:10     | Reached skill level 11 in Unarmed Combat
 10909 | D:10     | Reached skill level 5 in Invocations
 11754 | D:10     | Found a transporter.
 11757 | D:10     | Noticed brujo666's ghost (novice GnDe)
 11805 | D:10     | Found a transporter.
 11866 | D:10     | Gained mutation: You are weak. (Str -2) [a neqoxec]
 12074 | D:10     | Gained mutation: Your spells are a little easier to cast,
                  | but a little less powerful. [a neqoxec]
 12086 | D:10     | Killed brujo666's ghost
 12086 | D:10     | Reached XP level 11. HP: 74/92 MP: 13/15
 12322 | D:11     | Reached ***** piety under Okawaru
 12382 | D:11     | You fall into a shaft and drop 1 floor!
 12600 | D:11     | Reached skill level 5 in Armour
 12923 | D:11     | Noticed a two-headed ogre
 12931 | D:11     | Killed a two-headed ogre
 12931 | D:11     | Reached skill level 12 in Unarmed Combat
 12960 | D:11     | Found a staircase to the Orcish Mines.
 12984 | D:11     | Received a gift from Okawaru
 12984 | D:11     | Reached skill level 5 in Evocations
 13512 | D:12     | Found Waogodi's Armour Emporium.
 13540 | D:12     | Found Jutez's Distillery.
 13632 | D:12     | Noticed a cyan ugly thing
 13643 | D:12     | Killed a cyan ugly thing
 13719 | D:12     | Found Beasy's Antique Armour Shoppe.
 13722 | D:12     | Bought a glowing kite shield for 195 gold pieces
 14163 | Lair:1   | Entered Level 1 of the Lair of Beasts
 14491 | Lair:1   | Noticed Erica
 14498 | Lair:1   | Killed Erica
 14619 | Lair:1   | Noticed an oklob plant
 14619 | Lair:1   | Noticed an oklob plant
 14743 | Lair:1   | Killed an oklob plant
 14830 | Lair:1   | Killed an oklob plant
 14830 | Lair:1   | Reached XP level 12. HP: 68/100 MP: 17/17
 15478 | Lair:1   | Received a gift from Okawaru
 15644 | Lair:1   | Noticed a six-headed hydra
 15651 | Lair:1   | Killed a six-headed hydra
 16232 | Lair:2   | Found a staircase to the Snake Pit.
 16316 | Lair:2   | Reached skill level 13 in Unarmed Combat
 16792 | Lair:2   | Reached skill level 5 in Shields
 16803 | Lair:2   | Noticed Urug
 16823 | Lair:2   | Killed Urug
 16872 | Lair:2   | Found a blossoming altar of Fedhas.
 17348 | Lair:3   | Received a gift from Okawaru
 18249 | Lair:3   | Reached XP level 13. HP: 108/108 MP: 19/19
 19645 | Lair:4   | Found a staircase to the Shoals.
 20461 | Lair:5   | Found a runed translucent door.
 20463 | Lair:5   | Found a shimmering altar of Xom.
 20463 | Lair:5   | Noticed Jokoicem's ghost (journeyman VSWn)
 21110 | Lair:6   | Entered Level 6 of the Lair of Beasts
 21462 | Lair:6   | Found a staircase to the Slime Pits.
 21462 | Lair:6   | Found a viscous altar of Jiyva.
 21498 | Lair:6   | Got a pitted whip {don't use}
 21604 | Lair:6   | Found a runed translucent gate.
 21604 | Lair:6   | Found a runed translucent gate.
 21605 | Lair:6   | Found a runed translucent gate.
 21605 | Lair:6   | Noticed a minotaur
 21608 | Lair:6   | Noticed Enneesu's ghost (journeyman HOGl)
 21850 | Lair:6   | Received a gift from Okawaru
 21867 | Lair:6   | Reached skill level 14 in Unarmed Combat
 22705 | Lair:6   | Reached skill level 10 in Fighting
 22825 | Lair:6   | Noticed a dire elephant
 22841 | Lair:6   | Killed a dire elephant
 23014 | Lair:6   | Noticed a dire elephant
 23014 | Lair:6   | Noticed a dire elephant
 23030 | Lair:6   | Killed a dire elephant
 23039 | Lair:6   | Killed a dire elephant
 23193 | Lair:6   | Noticed a dire elephant
 23201 | Lair:6   | Noticed a dire elephant
 23209 | Lair:6   | Killed a dire elephant
 23227 | Lair:6   | Killed a dire elephant
 23227 | Lair:6   | Reached XP level 14. HP: 37/117 MP: 19/21
 23551 | Lair:6   | Killed Enneesu's ghost
 23717 | Lair:5   | Killed Jokoicem's ghost
 23995 | D:13     | Received a gift from Okawaru
 24020 | D:13     | Found a gate leading to a gauntlet.
 24024 | D:13     | Found Dunifan's Book Emporium.
 24047 | Gauntlet | Entered a Gauntlet
 24047 | Gauntlet | Found a transporter.
 24050 | Gauntlet | Found a transporter.
 24054 | Gauntlet | Found a transporter.
 24058 | Gauntlet | Found a runed translucent door.
 24060 | Gauntlet | Found a runed translucent door.
 24062 | Gauntlet | Found a transporter.
 24066 | Gauntlet | Found a transporter.
 24071 | Gauntlet | Found a transporter.
 24077 | Gauntlet | Found a transporter.
 24078 | Gauntlet | Found a transporter.
 24083 | Gauntlet | Found a transporter.
 24086 | Gauntlet | Found a transporter.
 24090 | Gauntlet | Found a transporter.
 24095 | Gauntlet | Found a transporter.
 24095 | Gauntlet | Noticed a balrug
 24106 | Gauntlet | Found a transporter.
 24155 | Gauntlet | Found a transporter.
 24226 | Gauntlet | Got a bloodstained quarterstaff {don't use}
 24503 | Gauntlet | Reached skill level 5 in Dodging
 24559 | Gauntlet | Gained mutation: You are clumsy. (Dex -2) [a shining eye]
 24708 | Gauntlet | Killed a balrug
 24852 | Gauntlet | Got a heavily runed amethyst amulet
 24853 | Gauntlet | Identified the amulet of Zyisitis {RegenMP Dex+6} (You
                  | found it in a Gauntlet)
 24874 | Gauntlet | Identified the +8 rapier "Kaakio" {drain, SInv Stlth+}
 24874 | Gauntlet | Identified the ring "Loscheacu" {*Drain +Inv rC+ Dex+6
                  | Stlth+}
 25491 | Lair:1   | Lost mutation: You are clumsy. (Dex -2) [potion of
                  | mutation]
 25491 | Lair:1   | Lost mutation: Your spells are a little easier to cast, but
                  | a little less powerful. [potion of mutation]
 25491 | Lair:1   | Lost mutation: You are weak. (Str -2) [potion of mutation]
 25491 | Lair:1   | Gained mutation: Your magical capacity is low. (-10% MP)
                  | [potion of mutation]
 25491 | Lair:1   | Gained mutation: Your mind is acute. (Int +2) [potion of
                  | mutation]
 25597 | D:14     | Reached skill level 10 in Invocations
 25773 | D:14     | Reached ****** piety under Okawaru
 25841 | D:14     | Got a jewelled chain mail
 25842 | D:14     | Identified the cursed +1 chain mail of Repulsion {+Blink
                  | +Fly MR- Dex+2} (You found it on level 14 of the Dungeon)
 25937 | D:14     | Received a gift from Okawaru
 25937 | D:14     | Reached skill level 15 in Unarmed Combat
 25980 | D:14     | Found a gate to the Vaults.
 26115 | D:14     | Paralysed by a wizard for 4 turns
 26733 | D:14     | Reached XP level 15. HP: 125/125 MP: 20/20
 26851 | D:14     | Found Azeuh's Changing Room.
 26862 | D:14     | Bought a potion of lignification for 45 gold pieces
 26927 | D:15     | Entered Level 15 of the Dungeon
 27009 | D:15     | Noticed a fire giant
 27020 | D:15     | Found a staircase to the Depths.
 27025 | D:15     | Killed a fire giant
 27025 | D:15     | Received a gift from Okawaru
 27028 | D:15     | Got a shadowed robe {god gift}
 27040 | D:15     | Noticed Kirke
 27045 | D:15     | Killed Kirke
 27923 | D:15     | Found a stormy altar of Qazlal.
 27978 | D:15     | Noticed Nessos
 28022 | D:15     | Killed Nessos
 28347 | Orc:1    | Entered Level 1 of the Orcish Mines
 28754 | Orc:2    | Entered Level 2 of the Orcish Mines
 29058 | Orc:2    | Noticed an orc warlord
 29085 | Orc:2    | Killed an orc warlord
 29428 | Orc:2    | Found Vioziexa's Antique Armour Shoppe.
 29446 | Orc:2    | Found a roughly hewn altar of Beogh.
 29556 | Orc:2    | Found Kuolom's Gadget Emporium.
 29980 | Orc:2    | Found a staircase to the Elven Halls.
 29985 | Elf:1    | Entered Level 1 of the Elven Halls
 29996 | Elf:1    | Reached skill level 16 in Unarmed Combat
 30097 | Elf:1    | Received a gift from Okawaru
 30817 | Orc:2    | Found Atalizi's Antique Armour Emporium.
 30880 | Orc:2    | Found a roughly hewn altar of Beogh.
 30951 | Orc:2    | Found Caxis's General Store.
 31192 | Orc:2    | Learned a level 2 spell: Blink
 31195 | Orc:2    | Learned a level 2 spell: Passwall
 31301 | Elf:1    | Identified Roxanne's Incunabulum of Shape Shifting
 31301 | Elf:1    | Noticed Roxanne
 31319 | Elf:1    | Killed Roxanne
 31322 | Elf:1    | Reached XP level 16. HP: 72/134 MP: 21/21
 31559 | Elf:1    | Received a gift from Okawaru
 31998 | Elf:1    | Got a bloodstained leather armour
 32497 | Elf:2    | Found a runed translucent gate.
 32497 | Elf:2    | Found a runed translucent gate.
 32498 | Elf:2    | Found a runed translucent gate.
 32680 | Elf:2    | Found Ozuehaga's Antique Armour Boutique.
 32770 | Elf:2    | Identified the Papyrus of Attacks
 32993 | Elf:2    | Got an iridescent dagger {don't use}
 32994 | Elf:2    | Identified the cursed +2 dagger "Worm's Wrath" {flame,
                  | +Blink, don't use} (You found it on level 2 of the Elven
                  | Halls)
 33502 | Elf:3    | Entered Level 3 of the Elven Halls
 33775 | Elf:3    | Reached skill level 10 in Evocations
 33791 | Elf:3    | Reached skill level 17 in Unarmed Combat
 34199 | Elf:3    | Got a distressingly furry scale mail
 34644 | Elf:3    | Received a gift from Okawaru
 34709 | Elf:3    | Noticed a deep elf master archer
 34714 | Elf:3    | Killed a deep elf master archer
 34893 | Elf:3    | Reached skill level 10 in Armour
 34987 | Elf:3    | Identified the +7 trident of the Hidden Vale {flame, rPois
                  | Int+3}
 35157 | Elf:3    | Reached XP level 17. HP: 144/144 MP: 22/22
 35212 | Elf:3    | Identified the cursed +1 falchion "Sysk" {flame, Str+5
                  | Dex-3 SInv Stlth-}
 35212 | Elf:3    | Identified the +0 tower shield "Valodaj" {rElec rCorr
                  | Str+3}
 35216 | Elf:3    | Noticed a deep elf blademaster
 35217 | Elf:3    | Noticed a deep elf master archer
 35220 | Elf:3    | Killed a deep elf blademaster
 35228 | Elf:3    | Killed a deep elf master archer
 35294 | Elf:3    | Noticed a deep elf blademaster
 35314 | Elf:3    | Killed a deep elf blademaster
 35315 | Elf:3    | Received a gift from Okawaru
 35417 | Elf:3    | Identified the Grimoire of Mutagenic Displacement
 35422 | Elf:3    | Identified the Guide on Snow
 35430 | Elf:3    | Learned a level 5 spell: Irradiate
 35806 | Slime:1  | Entered Level 1 of the Pits of Slime
 35823 | Slime:2  | Noticed an acid blob
 35832 | Slime:2  | Killed an acid blob
 36122 | Slime:4  | Noticed an acid blob
 36129 | Slime:4  | Killed an acid blob
 36129 | Slime:4  | Reached skill level 18 in Unarmed Combat
 36129 | Slime:4  | Reached skill level 1 in Spellcasting
 36129 | Slime:4  | Reached skill level 1 in Translocations
 36129 | Slime:4  | Reached skill level 1 in Transmutations
 36144 | Slime:3  | Reached skill level 1 in Earth Magic
 36148 | Slime:3  | Reached skill level 1 in Conjurations
 36153 | Slime:3  | Noticed an acid blob
 36211 | Slime:3  | Killed an acid blob
 36451 | Slime:5  | Entered Level 5 of the Pits of Slime
 36464 | Slime:5  | Noticed an acid blob
 36572 | Slime:5  | Killed an acid blob
 36902 | Slime:5  | Found a viscous altar of Jiyva.
 36906 | Slime:5  | Noticed the Royal Jelly
 37485 | Slime:5  | Noticed an acid blob
 37488 | Slime:5  | Killed an acid blob
 37488 | Slime:5  | Noticed an acid blob
 37495 | Slime:5  | Noticed an acid blob
 37497 | Slime:5  | Noticed an acid blob
 37500 | Slime:5  | Killed an acid blob
 37506 | Slime:5  | Killed an acid blob
 37511 | Slime:4  | Noticed an acid blob
 37512 | Slime:4  | Paralysed by a floating eye for 4 turns
 37513 | Slime:4  | Noticed an acid blob
 37516 | Slime:4  | HP: 4/145 [acid (4)]
 37516 | Slime:4  | Blown up by an eye of devastation

Illustrated notes

Levels and vault maps discovered:
D:1:      lemuel_arrival_cross, layout_basic
D:2:      layout_loops_ring, uniq_jessica, uniq_crazy_yiuf_cottage
D:3:      layout_rooms, gammafunk_temple_overflow_statue, serial_park_tiny_pond,
          uniq_natasha
D:4:      layout_basic, uniq_sigmund
D:5:      layout_basic, serial_shops, shop, trog_three_pillars_becter
D:6:      layout_gridville, lemuel_doored_altar
D:7:      layout_rooms, okawaru_metal_pillars_1_2,
          minmay_temple_entry_proselytizer, minivault_5
D:8:      layout_gridville, enter_bailey_3
D:9:      layout_irregular_city, erik_lair_island
D:10:     layout_roguey, gammafunk_ghost_stat_death
D:11:     layout_long_grid, orc_0_dummy, portal_ice_cave_entry_ice_beasts
D:12:     layout_long_grid, serial_shops, shop, nicolae_shop_trees,
          nicolae_shop_behind_doors
D:13:     layout_rooms, gauntlet_entry_generic, serial_shops,
          kennysheep_mini_moat
D:14:     kennysheep_scales, layout_long_grid, david_vaults_2,
          nicolae_transmutations_shop
D:15:     grunt_enter_depths_giant_problem, layout_basic, basic_altar,
          serial_park_square1 [serial_park_minivault_5x5_6], uniq_nessos,
          uniq_kirke
Temple:   dpeg_five_rooms_temple
Lair:1:   layout_gridlike, grunt_megastairs_4, minmay_lair_oklob_chamber,
          uniq_erica
Lair:2:   beast_lair_carwin_large_4, layout_chaotic_city,
          minmay_snake_entry_guardpost_medium, tgw_fedhas, serial_bayou_shore_b,
          uniq_urug
Lair:3:   beast_lair_carwin_large_1, layout_gridlike, special_room
          [special_room_bee]
Lair:4:   layout_regular_city, minmay_shoals_entry_hut, serial_bayou_lagoon_b
Lair:5:   layout_cave_pods, ebering_ghost_xom, kilobyte_rumbling_trees
Lair:6:   due_jungle_book, layout_regular_city, slime_altar_1,
          maelrawn_ghost_gauntlet_escape, infiniplex_staircase_pool,
          grunt_megastairs_5
Slime:1:  layout_caves
Slime:2:  cheibrodos_slime_lost_civilization_10, layout_caves
Slime:3:  layout_caves
Slime:4:  layout_caves
Slime:5
Orc:1:    layout_diamond_mine
Orc:2:    pubby_orc_utopia
Elf:1:    minmay_elf_arrival_summoners, layout_loops_cross, uniq_roxanne
Elf:2:    layout_gridlike, serial_shops,
          nicolae_shop_competitors_out_of_business, nicolae_elf_v_pinch,
          minmay_elf_annihilation
Elf:3:    elf_hall_gauntlet_wide, layout_geoelf_castle

Skill      XL: |  1  2  3  4  5  6  7  8  9 10 11 12 13 14 15 16 17 |
---------------+----------------------------------------------------+-----
Unarmed Combat | 4 5 6 7 9 10 11 12 13 14 15 16 17 18 | 18.2
Armour         | 1 2 3 4 5 6 7 8 9 10 | 10.2
Dodging        | 3 4 5 6 7 |  7.3
Shields        | 1 2 3 5 7 8 9 |  9.0
Fighting       | 4 6 7 8 9 10 11 12 13 | 13.1
Invocations    | 1 4 5 7 8 9 10 | 10.0
Evocations     | 2 4 5 6 7 8 9 10 11 | 11.0
Spellcasting   | 2 |  2.3
Translocations | 2 |  2.4
Transmutations | 2 |  2.3
Earth Magic    | 2 |  2.1
Conjurations   | 2 |  2.2
Stealth        | |  1.2

Action                   |  1- 3 |  4- 6 |  7- 9 | 10-12 | 13-15 | 16-18 || total
-------------------------+-------+-------+-------+-------+-------+-------++-------
Melee: Unarmed           |    81 |   151 |   365 |   914 |  1670 |   484 ||  3665
       Tailslap          |     9 |    15 |    64 |   149 |   389 |   151 ||   777
       Punch             |       |     6 |       |       |       |       ||     6
Invok: Heroism           |       |       |     6 |    26 |    37 |    16 ||    85
       Finesse           |       |       |       |     1 |     3 |     2 ||     6
 Abil: Rolling Charge    |    17 |    24 |    36 |    49 |    24 |    33 ||   183
       Evoke Invisibilit |       |       |       |     3 |    10 |     6 ||    19
Evoke: Wand              |       |       |     2 |    15 |    21 |    50 ||    88
       Phial of floods   |       |       |       |       |     1 |     1 ||     2
       Tin of tremorston |       |       |       |       |     7 |    10 ||    17
       Lightning rod     |       |       |       |       |       |     2 ||     2
  Use: Scroll            |     3 |     4 |     8 |     8 |     9 |    12 ||    44
       Potion            |       |     2 |     1 |       |     1 |     1 ||     5
 Stab: Invisible         |       |       |       |    13 |    61 |    26 ||   100
       Confused          |       |       |       |     3 |       |       ||     3
       Distracted        |       |       |       |       |     2 |       ||     2
       Paralysed         |       |       |       |       |     5 |       ||     5
Armor: Robe              |    13 |       |       |       |       |       ||    13
       Leather armour    |     8 |    23 |       |       |       |       ||    31
       Ring mail         |       |     4 |   114 |       |       |       ||   118
       Chain mail        |       |       |    27 |   516 |   151 |       ||   694
       Plate armour      |       |       |       |       |   469 |   183 ||   652
Dodge: Dodged            |    36 |    62 |   190 |   245 |   348 |   110 ||   991
Block: Buckler           |       |       |    83 |   122 |       |       ||   205
       Kite shield       |       |       |       |   187 |   687 |   199 ||  1073
       Reflection        |       |       |       |     4 |    21 |    23 ||    48

Table legend:
 A = Non-vault XP
 B = Vault XP
 C = Vault XP percentage of total XP
 D = Non-vault monster count
 E = Vault monster count
 F = Vault count percentage of total count
                 A         B        C        D         E       F
            +---------+---------+-------+---------+---------+-------
      Total |  146263 |  126603 |  46.4 |     613 |     367 |  37.4
            +---------+---------+-------+---------+---------+-------
        D:1 |      47 |       0 |   0.0 |      26 |       0 |   0.0
        D:2 |     253 |      79 |  23.8 |      23 |       2 |   8.0
        D:3 |     136 |      36 |  20.9 |      17 |       1 |   5.6
        D:4 |     239 |     220 |  47.9 |       5 |       1 |  16.7
        D:5 |     464 |       0 |   0.0 |      20 |       0 |   0.0
        D:6 |     898 |      41 |   4.4 |      23 |       1 |   4.2
        D:7 |     752 |       0 |   0.0 |      18 |       0 |   0.0
        D:8 |     862 |       8 |   0.9 |      15 |       4 |  21.1
        D:9 |    1070 |     801 |  42.8 |      23 |       6 |  20.7
       D:10 |    1922 |    1834 |  48.8 |      41 |      10 |  19.6
       D:11 |    4489 |    1051 |  19.0 |      30 |       8 |  21.1
       D:12 |    2902 |       0 |   0.0 |      24 |       0 |   0.0
       D:13 |    8229 |       0 |   0.0 |      33 |       0 |   0.0
       D:14 |   12782 |    2139 |  14.3 |      39 |       9 |  18.8
       D:15 |   15064 |    6323 |  29.6 |      39 |       8 |  17.0
     Lair:1 |    4438 |    3524 |  44.3 |      14 |       7 |  33.3
     Lair:2 |    3235 |    5248 |  61.9 |      16 |      23 |  59.0
     Lair:3 |    2240 |    3823 |  63.1 |      11 |      35 |  76.1
     Lair:4 |    2941 |     253 |   7.9 |      19 |       1 |   5.0
     Lair:5 |    4355 |    2746 |  38.7 |      19 |       9 |  32.1
     Lair:6 |   11949 |    7875 |  39.7 |      34 |      15 |  30.6
    Slime:1 |    1339 |       0 |   0.0 |       5 |       0 |   0.0
    Slime:2 |    6530 |       0 |   0.0 |       4 |       0 |   0.0
    Slime:3 |    6896 |       0 |   0.0 |      16 |       0 |   0.0
    Slime:4 |    5307 |     253 |   4.6 |       8 |       1 |  11.1
    Slime:5 |   13305 |    7527 |  36.1 |      21 |       4 |  16.0
      Orc:1 |    1405 |       0 |   0.0 |      13 |       0 |   0.0
      Orc:2 |    1353 |   19844 |  93.6 |       2 |     144 |  98.6
      Elf:1 |   11133 |    4811 |  30.2 |      21 |       6 |  22.2
      Elf:2 |   10822 |    7338 |  40.4 |      17 |      10 |  37.0
      Elf:3 |    8906 |   40855 |  82.1 |      17 |      28 |  62.2
     Bailey |       0 |     574 | 100.0 |       0 |      16 | 100.0
   Gauntlet |       0 |    9400 | 100.0 |       0 |      18 | 100.0
            +---------+---------+-------+---------+---------+-------
